 Dungeon Crawl Stone Soup version 0.18.1-1-g2f07953 (webtiles) character file.

201 Danakh the Skirmisher (level 5, -4/42 HPs)
             Began as a Demonspawn Berserker on May 12, 2016.
             Was a Priest of Trog.
             Slain by an ogre
             ... wielding a +0 giant club
              (20 damage)
             ... on level 4 of the Dungeon.
             The game lasted 00:08:09 (2554 turns).

Danakh the Skirmisher (Demonspawn Berserker)        Turns: 2554, Time: 00:08:10

Health: -4/42      AC: 10    Str: 17    XL:     5   Next: 50%
Magic:  5/5        EV:  8    Int:  8    God:    Trog [***...]
Gold:   103        SH:  0    Dex: 18    Spells: 0 memorised, 4 levels left

rFire  + . .     SeeInvis .     a - +0 hand axe
rCold  . . .     Gourm    .     g - +0 chain mail
rNeg   . . .     Faith    .     (no shield)
rPois  .         Spirit   .     (no helmet)
rElec  .         Dismiss  .     q - +0 cloak
rCorr  .         Reflect  .     (no gloves)
SustAt .         Harm     .     (no boots)
MR     .....                    (no amulet)
Stlth  ..........               e - ring of protection from fire
                                s - ring of stealth

@: not resistant to hostile enchantments, extremely unstealthy
A: hooves 1, thin skeletal structure 2, powered by pain 1
a: Berserk, Trog's Hand, Burn Spellbooks, Renounce Religion


You were on level 4 of the Dungeon.
You worshipped Trog.
Trog was most pleased with you.
You were not hungry.

You visited 1 branch of the dungeon, and saw 4 of its levels.

You collected 103 gold pieces.

Inventory:

Hand Weapons
 a - a +0 hand axe (weapon)
Armour
 g - a +0 chain mail (worn)
 q - a +0 cloak (worn)
Jewellery
 e - a ring of protection from fire (right hand)
 s - a ring of stealth (left hand)
Scrolls
 d - 3 scrolls of teleportation {unknown}
 f - 2 scrolls of random uselessness {unknown}
 h - a scroll of noise {unknown}
 l - a scroll of identify {unknown}
 n - a scroll of amnesia {unknown}
 p - a scroll of fog {unknown}
 t - a scroll of enchant armour {unknown}
 u - a scroll of recharging {unknown}
Potions
 j - 2 potions of resistance {unknown}
 k - 2 potions of flight {unknown}
 m - 2 potions of haste {unknown}
 o - a potion of curing
 r - a potion of beneficial mutation {unknown}
 v - a potion of degeneration {unknown}
Comestibles
 b - a meat ration
 c - 3 bread rations
 i - 10 fruits


   Skills:
 + Level 4.1 Fighting
 + Level 3.7 Axes
 + Level 2.9 Armour
 + Level 2.8 Dodging
 + Level 0.2 Stealth


You had 4 spell levels left.
You didn't know any spells.

Dungeon Overview and Level Annotations

Branches:
Dungeon (4/15)
 Temple: D:4-7

Altars:
Cheibriados
Qazlal
Trog
Xom


Innate Abilities, Weirdness & Mutations

You have large cloven feet.
You have a moderately thin skeletal structure (Dex +4, Stealth+).
You sometimes gain a little power by taking damage.


Message History

No target in view!
You open the door.
An ogre comes into view. It is wielding a giant club.
The ogre shouts!
Found 17 sling bullets.
There is an open door here.
An ogre is nearby!
The ogre hits you with a giant club.
You hit the ogre. You kick the ogre, but do no damage.
The ogre is lightly wounded.
The ogre hits you with a giant club!
You barely miss the ogre. Your kick misses the ogre.
The ogre is lightly wounded.
The ogre hits you with a giant club!
You hit the ogre.
The ogre is lightly wounded.
You barely miss the ogre. You kick the ogre, but do no damage.
The ogre is lightly wounded.
The ogre hits you with a giant club!!
You die...

....#.....#
.#######.......
....#.....# ..# #.......
....#.....# ...#
#####... ##<###...#####
...# #...
##.###...##..###...##
+...
....................#
#...
....................+
....
#..##########'####+####+
.... #..##
..........@O...... ....
....# ..................
..... ....#
.................. ....#
(................. ....#
.................. ....#
..............#### #####
..............#
..#####+##+###


You could see an ogre.

Vanquished Creatures
  An orc wizard (D:3)
  A hound skeleton (D:4)
  7 adders
  2 oozes (D:2)
  An adder skeleton (D:4)
  2 dart slugs (D:1)
  3 giant geckos
  3 orcs (D:3)
  5 giant cockroaches
  13 goblins
  11 hobgoblins
  A quokka (D:2)
  7 bats
  12 giant newts
  8 kobolds
  4 rats
81 creatures vanquished.

Notes
Turn   | Place    | Note
--------------------------------------------------------------
     0 | D:1      | Danakh the Demonspawn Berserker began the quest for the Orb.
     0 | D:1      | Reached XP level 1. HP: 18/18 MP: 1/1
   120 | D:1      | Gained mutation: You have a somewhat thin skeletal structure (Dex +2, Stealth). [demonic ancestry]
   120 | D:1      | Reached XP level 2. HP: 24/24 MP: 2/2
   604 | D:1      | Reached ** piety under Trog
   611 | D:1      | Gained mutation: You have large cloven feet. [demonic ancestry]
   611 | D:1      | Reached XP level 3. HP: 27/29 MP: 3/3
   790 | D:2      | Found a stormy altar of Qazlal.
  1230 | D:2      | Gained mutation: You have a moderately thin skeletal structure (Dex +4, Stealth+). [demonic ancestry]
  1230 | D:2      | Reached XP level 4. HP: 28/36 MP: 4/4
  1373 | D:2      | Found a shimmering altar of Xom.
  1405 | D:2      | Found a snail-covered altar of Cheibriados.
  1727 | D:2      | Found a bloodstained altar of Trog.
  1906 | D:3      | Reached *** piety under Trog
  1982 | D:3      | Gained mutation: You sometimes gain a little power by taking damage. [demonic ancestry]
  1982 | D:3      | Reached XP level 5. HP: 42/42 MP: 5/5
  2177 | D:3      | Reached skill level 4 in Fighting
  2547 | D:4      | Noticed an ogre
  2554 | D:4      | Slain by an ogre

Skill      XL: |  1  2  3  4  5 |
---------------+----------------+-----
Armour         | 2 |  2.9
Dodging        | 2 |  2.8
Axes           | 3 |  3.7
Fighting       | 4 |  4.1
Stealth        | |  0.2

Action                   |  1- 3 |  4- 6 || total
-------------------------+-------+-------++-------
Melee: Hand axe          |   194 |   162 ||   356
       Kick              |    19 |    50 ||    69
  Eat: Chunk             |     1 |     5 ||     6
Armor: Chain mail        |   120 |    96 ||   216
Dodge: Dodged            |    71 |    42 ||   113
Block: Shield            |    37 |    56 ||    93
